 Dungeon Crawl Stone Soup version 0.29.1-1-gd02db69 (webtiles) character file.

Game seed: 8389117080646392542

309 Androun the Chopper (level 6, -4/53 HPs)
             Began as a Hill Orc Fighter on Oct 17, 2023.
             Slain by a gnoll
             ... wielding a +0 halberd
              (7 damage)
             ... on level 3 of the Dungeon.
             The game lasted 00:19:46 (2543 turns).

Androun the Chopper (Hill Orc Fighter)              Turns: 2543, Time: 00:19:46

Health: -4/53      AC: 12    Str: 21    XL:     6   Next: 41%
Magic:  6/6        EV:  6    Int: 10    God:
Gold:   93         SH:  4    Dex: 10    Spells: 5/5 levels left

rFire   . . .      SeeInvis .   s - +0 whip of the Crushed Beasts {vorpal, Int+2}
rCold   . . .      Faith    .   c - +0 buckler
rNeg    . . .      Spirit   .   t - +0 plate armour
rPois   .          Reflect  .   (no helmet)
rElec   .          Harm     .   (no cloak)
rCorr   .          Rampage  .   (no gloves)
Will    .....                   (no boots)
Stlth   ..........              f - amulet of magic regeneration
HPRegen 0.17/turn               (no ring)
MPRegen 0.50/turn               (no ring)

@: no status effects
A: no striking features
a: no special abilities


You were on level 3 of the Dungeon.
You visited 1 branch of the dungeon, and saw 3 of its levels.

You collected 93 gold pieces.

Inventory:

Hand Weapons
 a - a +0 war axe
 s - the +0 whip of the Crushed Beasts (weapon) {vorpal, Int+2}
   (You found it on level 2 of the Dungeon)

   It inflicts extra damage upon your enemies.
   Int:       It affects your intelligence (+2).
Missiles
 u - 6 boomerangs (quivered)
Armour
 c - a +0 buckler (worn)
 t - a +0 plate armour (worn)
Jewellery
 f - an amulet of magic regeneration (around neck)
Wands
 m - a wand of digging (4)
Scrolls
 b - 3 scrolls of noise {unknown}
 h - a scroll of enchant armour {unknown}
 i - a scroll of brand weapon {unknown}
 k - a scroll of butterflies {unknown}
 l - 2 scrolls of fear {unknown}
 n - a scroll of vulnerability {unknown}
 p - 4 scrolls of identify {unknown}
 r - a scroll of teleportation {unknown}
 x - a scroll of magic mapping {unknown}
Potions
 d - 2 potions of might
 e - a potion of lignification {unknown}
 j - 2 potions of invisibility {unknown}
 o - 2 potions of magic {unknown}
 q - a potion of heal wounds {unknown}
 v - a potion of cancellation {unknown}
 w - a potion of haste {unknown}
 z - a potion of attraction {unknown}


   Skills:
 + Level 4.4 Fighting
 + Level 5.8(6.0) Axes
 + Level 1.4(3.3) Maces & Flails
 + Level 4.5 Armour
 + Level 0.3 Dodging
 + Level 0.3 Stealth
 + Level 4.2 Shields


You had 5 spell levels left.
You didn't know any spells.
Your spell library contained the following spells:

 Spells                   Type           Power      Damage    Failure   Level
 Magic Dart               Conj           0%         1d3       100%        1
 Shock                    Conj/Air       0%         1d3       100%        1
 Searing Ray              Conj           0%         2d4       100%        2
 Frozen Ramparts          Ice            0%         1d1       100%        3
 Gell's Gravitas          Tloc           0%         N/A       100%        3
 Swiftness                Air            0%         N/A       100%        3
 Teleport Other           Tloc           0%         N/A       100%        3
 Airstrike                Air            0%         2d(0-16)  100%        4
 Fulminant Prism          Conj/Hex       0%         3d6       100%        4
 Ice Form                 Ice/Tmut       0%         N/A       100%        4
 Leda's Liquefaction      Hex/Erth       0%         N/A       100%        4
 Summon Ice Beast         Ice/Summ       0%         N/A       100%        4
 Lee's Rapid Deconstruct  Erth           0%         3d5*      100%        5
 Dispersal                Tloc           0%         N/A       100%        6
 Statue Form              Tmut/Erth      0%         N/A       100%        6


Dungeon Overview and Level Annotations

Branches:
Dungeon (3/15)

Altars:


Message History

Press: ? - help, Q - select action Shift-Dir - straight line, f - gnoll
Aim: a gnoll, wielding a +0 halberd (lightly wounded, 61% to hit)
You throw a boomerang. The boomerang barely misses the gnoll.
The gnoll hits you from afar with a +0 halberd.
* * * LOW HITPOINT WARNING * * *
The gnoll barely misses you.
Throw: 6 boomerangs
Press: ? - help, Q - select action Shift-Dir - straight line, f/p - gnoll
Aim: a gnoll, wielding a +0 halberd (lightly wounded, 61% to hit)
You throw a boomerang. The boomerang hits the gnoll.
The gnoll is heavily wounded.
The gnoll hits you but does no damage.
Unknown command.
Throw: 6 boomerangs
Press: ? - help, Q - select action Shift-Dir - straight line, f/p - gnoll
Aim: a gnoll, wielding a +0 halberd (heavily wounded, 61% to hit)
You throw a boomerang. The boomerang closely misses the gnoll.
You block the gnoll's attack.
Throw: 6 boomerangs
Press: ? - help, Q - select action Shift-Dir - straight line, f/p - gnoll
Aim: a gnoll, wielding a +0 halberd (heavily wounded, 61% to hit)
You throw a boomerang. The boomerang barely misses the gnoll.
The gnoll hits you but does no damage.
The gnoll hits you from afar with a +0 halberd!
* * * LOW HITPOINT WARNING * * *
Throw: 6 boomerangs
Press: ? - help, Q - select action Shift-Dir - straight line, f/p - gnoll
Aim: a gnoll, wielding a +0 halberd (heavily wounded, 61% to hit)
You throw a boomerang. The boomerang hits the gnoll.
The gnoll is severely wounded.
The gnoll hits you but does no damage. The gnoll hits you but does no damage.
You see here a poisoned dart.
You hit the gnoll.
The gnoll is almost dead.
The gnoll hits you but does no damage.
You hit the gnoll but do no damage.
The gnoll is almost dead.
The gnoll hits you with a +0 halberd!
You die...

#......# #.... #......#
###.#
##########.#########...#
.......................#
#####.....#########...#
#.....(...# ######...#
...##.....## #........#
# #......#####........#
#.##@###............# #.
#g#...#..........# #
#(#.#...#.....#.## #.
#.(...# #.<...#.#
####.##(...## #.#####.#
........#### ##.# #.#
.#.....(######..# ##.#
.g.####†.......# ##..#
.# #..####### #..##


You could see a gnoll.

Vanquished Creatures
  Sigmund (D:3)
  An iguana (D:3)
  2 gnolls (D:3)
  4 adders (D:2)
  A worm (D:2)
  2 dart slugs
  4 orcs (D:3)
  7 bats
  4 endoplasms
  3 giant cockroaches
  2 goblins
  8 hobgoblins
  4 kobolds (D:1)
  3 quokkas
  A ball python (D:2)
  5 frilled lizards
  5 rats
57 creatures vanquished.

Notes
Turn   | Place    | Note
-------+----------+-------------------------------------------
     0 | D:1      | Androun the Hill Orc Fighter began the quest for the Orb.
     0 | D:1      | Reached XP level 1. HP: 19/19 MP: 1/1
    60 | D:1      | Reached XP level 2. HP: 24/27 MP: 2/2
   308 | D:1      | Reached skill level 3 in Axes
  1224 | D:2      | Reached XP level 3. HP: 33/33 MP: 3/3
  1287 | D:2      | Reached skill level 4 in Axes
  1695 | D:2      | Reached XP level 4. HP: 38/40 MP: 4/4
  1942 | D:2      | Identified the +0 whip of the Crushed Beasts {vorpal,
                  | Int+2}
  2042 | D:3      | Noticed Sigmund
  2051 | D:3      | Killed Sigmund
  2052 | D:3      | Reached skill level 5 in Axes
  2052 | D:3      | Reached skill level 1 in Maces & Flails
  2052 | D:3      | Reached XP level 5. HP: 45/47 MP: 5/5
  2052 | D:3      | Reached XP level 6. HP: 51/53 MP: 6/6
  2539 | D:3      | HP: 2/53 [gnoll/+0 halberd (7)]
  2543 | D:3      | Slain by a gnoll

Illustrated notes

Levels and vault maps discovered:
D:1:      elethiomel_arrival_infinity_welcomes_careful_drivers, layout_basic
D:2:      minmay_razor_zed, layout_rooms, grunt_decor_clamped
D:3:      layout_rooms, minmay_close_crescents, uniq_sigmund

Skill      XL: |  1  2  3  4  5  6 |
---------------+-------------------+-----
Axes           | 3 4 5 |  5.8
Armour         | 4 |  4.5
Fighting       | 4 |  4.4
Maces & Flails | 1 |  1.4
Shields        | 4 |  4.2
Dodging        | |  0.3
Stealth        | |  0.3

Action                   |  1- 3 |  4- 6 || total
-------------------------+-------+-------++-------
Melee: War axe           |    81 |    22 ||   103
       Whip              |       |    89 ||    89
Throw: Boomerang         |       |    17 ||    17
       Dart              |       |    11 ||    11
  Use: Potion            |     1 |       ||     1
Armor: Scale mail        |    20 |       ||    20
       Chain mail        |    22 |    15 ||    37
       Plate armour      |       |    57 ||    57
Dodge: Dodged            |    46 |    37 ||    83
Block: Buckler           |    21 |    27 ||    48
